 Dungeon Crawl Stone Soup version 0.21-a0-522-ga8338f0 (webtiles) character file.

41427 kae the Fencer (level 13, -4/119 HPs)
             Began as a Minotaur Fighter on Dec 6, 2017.
             Was the Champion of Okawaru.
             Slain by a 15-headed hydra (6 damage)
             ... summoned by a boggart
             ... on level 6 of the Lair of Beasts.
             The game lasted 00:18:58 (17365 turns).

kae the Fencer (Minotaur Fighter)                  Turns: 17365, Time: 00:18:59

Health: -4/119     AC: 13    Str: 23    XL:     13   Next: 80%
Magic:  18/18      EV: 12    Int: 11    God:    Okawaru [******]
Gold:   1033       SH: 15    Dex: 11    Spells: 12/12 levels left

rFire    + . .     SeeInvis +   N - +9 scimitar "Couro" {vamp, rC+ Int+4}
rCold    + . .     Gourm    .   c - +0 shield
rNeg     + . .     Faith    .   b - +1 scale mail
rPois    .         Spirit   .   m - +2 hat
rElec    .         Reflect  .   S - scarf {repulsion}
rCorr    .         Harm     .   (no gloves)
MR       .....                  (no boots)
Stlth    +.........             H - amulet of magic regeneration
HPRegen  0.29/turn              A - ring of positive energy
MPRegen  0.41/turn              Q - ring of protection from fire

@: lethally poisoned (-4 -> -4), heroism, repel missiles
A: retaliatory headbutt, horns 2, see invisible, evolution 1
a: Heroism, Finesse, Renounce Religion


You were on level 6 of the Lair of Beasts.
You worshipped Okawaru.
Okawaru was exalted by your worship.
You were not hungry.

You visited 3 branches of the dungeon, and saw 17 of its levels.
You also visited: Sewer.

You collected 1033 gold pieces.

Inventory:

Hand Weapons
 a - a +0 long sword of draining
 y - a +1 falchion of electrocution
 N - the +9 scimitar "Couro" (weapon) {vamp, rC+ Int+4}
   (Okawaru gifted it to you on level 1 of the Lair of Beasts)

   It inflicts no extra harm, but heals its wielder when it wounds a living foe.
   It affects your intelligence (+4).
   It protects you from cold.
Armour
 b - a +1 scale mail (worn)
 c - a +0 shield (worn)
 m - a +2 hat (worn)
 S - a scarf of repulsion (worn)
Jewellery
 A - a ring of positive energy (left hand)
 C - an uncursed amulet of rage
 H - an amulet of magic regeneration (around neck)
 Q - a ring of protection from fire (right hand)
Wands
 e - a wand of digging (50)
 n - a wand of flame (34)
 B - a wand of iceblast (7)
 J - a wand of clouds (6)
 K - a wand of scattershot (5)
 L - a wand of polymorph (10)
 X - a wand of disintegration (13)
Scrolls
 d - 3 scrolls of blinking
 j - 4 scrolls of amnesia
 l - 3 scrolls of enchant armour
 t - 10 scrolls of remove curse
 E - 7 scrolls of teleportation
 F - 2 scrolls of fog
 G - a scroll of magic mapping
 R - 2 scrolls of immolation
 V - a scroll of identify
Potions
 h - a potion of berserk rage
 p - 2 potions of lignification
 q - 4 potions of brilliance
 r - a potion of magic
 s - 8 potions of agility
 u - 7 potions of heal wounds
 w - 3 potions of flight
 x - 10 potions of curing
 z - a potion of resistance
 D - a potion of cancellation
 O - a potion of might
 P - 2 potions of haste
Books
 g - a book of Maledictions

   Spells                             Type                      Level
   a - Corona                         Hexes                        1
   b - Ensorcelled Hibernation        Hexes/Ice                    2
   c - Confuse                        Hexes                        3
   d - Tukima's Dance                 Hexes                        3
   e - Dazzling Spray                 Conjuration/Hexes            3
 v - a book of Callings

   Spells                             Type                      Level
   a - Summon Small Mammal            Summoning                    1
   b - Call Imp                       Summoning                    2
   c - Call Canine Familiar           Summoning                    3
   d - Summon Guardian Golem          Hexes/Summoning              3
   e - Summon Lightning Spire         Summoning/Air                4
   f - Summon Ice Beast               Ice/Summoning                4
 I - a book of Geomancy

   Spells                             Type                      Level
   a - Sandblast                      Earth                        1
   b - Passwall                       Transmutation/Earth          2
   c - Stone Arrow                    Conjuration/Earth            3
   d - Petrify                        Transmutation/Earth          4
   e - Lee's Rapid Deconstruction     Earth                        5
 M - a book of Cantrips

   Spells                             Type                      Level
   a - Confusing Touch                Hexes                        1
   b - Animate Skeleton               Necromancy                   1
   c - Summon Small Mammal            Summoning                    1
   d - Apportation                    Translocation                1
 W - a book of Battle

   Spells                             Type                      Level
   a - Infusion                       Charms                       1
   b - Shroud of Golubria             Charms/Translocation         2
   c - Song of Slaying                Charms                       2
   d - Spectral Weapon                Hexes/Charms                 3
   e - Regeneration                   Charms/Necromancy            3
 Y - a book of Flames

   Spells                             Type                      Level
   a - Flame Tongue                   Conjuration/Fire             1
   b - Throw Flame                    Conjuration/Fire             2
   c - Conjure Flame                  Conjuration/Fire             3
   d - Inner Flame                    Hexes/Fire                   3
   e - Sticky Flame                   Conjuration/Fire             4
   f - Fireball                       Conjuration/Fire             5
Comestibles
 f - 6 bread rations
 i - 7 meat rations
 k - 11 fruits
 o - 22 royal jellies
 T - 6 chunks of flesh


   Skills:
 + Level 12.5(17.5) Fighting
 * Level 16.4(21.4) Long Blades
 + Level 12.4(17.4) Armour
 + Level 12.5(17.5) Shields
 + Level 8.6 Invocations


You had 12 spell levels left.
You didn't know any spells.

Dungeon Overview and Level Annotations

Branches:
Dungeon (10/15)            Temple (1/1) D:6            Lair (6/6) D:8
 Shoals (0/4) Lair:4        Snake (0/4) Lair:3          Orc (0/2) D:10
  Slime: Lair:5-6

Altars:
Ashenzari
Cheibriados
Dithmenos
Elyvilon
Fedhas
Gozag
Hepliaklqana
Kikubaaqudgha
Makhleb
Nemelex Xobeh
Okawaru
Qazlal
Ru
Sif Muna
Trog
Uskayaw
Vehumet
Wu Jian
Xom
Yredelemnul
Zin
The Shining One

Annotations:
Lair:5 exclusion: 4 oklob plants


Innate Abilities, Weirdness & Mutations

You reflexively headbutt those who attack you in melee.
You have a pair of horns on your head.
You have supernaturally acute eyesight. (SInv)
You evolve.


Message History

The 13-headed hydra closely misses you. x2
The 13-headed hydra bites you but does no damage.
You hack one of the 13-headed hydra's heads off!
The 12-headed hydra grows two more!
You hit the 14-headed hydra.
The 14-headed hydra is heavily wounded.
You hack one of the 14-headed hydra's heads off!
The 13-headed hydra grows two more!
You slash the 15-headed hydra!
The 15-headed hydra is heavily wounded.
You feel sick.
You hear a howl!
You block the 15-headed hydra's attack. x3; The 15-headed hydra bites you.
* * * LOW HITPOINT WARNING * * *
The 15-headed hydra bites you but does no damage.
The 15-headed hydra misses you.
The 15-headed hydra barely misses you. x2
The 15-headed hydra bites you!
* * * LOW HITPOINT WARNING * * *
The 15-headed hydra barely misses you.
The 15-headed hydra bites you but does no damage.
The 15-headed hydra bites you.
You die...

♣♣ ♣ h♣.♣..♣
♣♣♣♣♣Dgt...♣ ♣♣♣.))@♣
♣♣♣...♣♣♣♣
♣♣♣♣♣♣P...♣♣
♣♣.......†♣♣
♣♣.....P##.♣
♣♣......#####♣ ♣♣♣♣
..........##.#♣...♣♣
........P##P.........
.......P####..........


You could see a 15-headed hydra, a polar bear, a crocodile and a boggart
(invisible).

Vanquished Creatures
  The ghost of Nirn the Cleaver, a journeyman HuGl of Kikubaaqudgha (Lair:1)
  2 hydras
  2 two-headed ogres
  The ghost of Typee the Cruncher, a novice GnWn of Zin (Lair:1)
  2 death yaks
  5 black mambas
  5 elephants (Lair:2)
  3 torpor snails
  9 spiny frogs
  8 rime drakes
  6 komodo dragons
  2 polar bears
  Grinder (D:4)
  Prince Ribbit (Lair:2)
  3 trolls
  The ghost of Dustman the Slasher, an amateur HuGl (D:4)
  2 hornets (Lair:6)
  19 blink frogs
  8 hippogriffs
  4 dream sheep (Lair:4)
  3 spriggans (Lair:6)
  5 basilisks
  43 yaks
  2 hungry ghosts
  3 nagas (Lair:3)
  3 wargs (D:10)
  Duvessa (D:3)
  10 water moccasins
  9 porcupines
  A hornet zombie (D:6)
  2 orc warriors
  3 sky beasts
  A necrophage (D:8)
  2 black bears
  2 phantoms (D:10)
  3 ice beasts
  4 ogres
  3 wolves
  5 boggarts
  13 crocodiles
  6 centaurs
  2 big kobolds
  11 bullfrogs
  Dowan (D:3)
  2 scorpions
  3 wights (D:7)
  10 killer bees
  4 howler monkeys
  5 crimson imps
  A bullfrog zombie (D:7)
  3 centaur skeletons
  7 jellies
  7 hounds
  7 orc priests
  10 orc wizards
  2 iguanas
  12 worker ants
  A hound zombie (D:6)
  15 adders
  A howler monkey skeleton (D:6)
  6 river rats
  A shadow imp (D:5)
  8 oozes
  2 adder skeletons
  2 worms
  3 dart slugs
  8 leopard geckos
  38 orcs
  8 bats
  3 giant cockroaches
  6 goblins
  6 hobgoblins
  13 jackals
  2 quokkas
  5 ball pythons
  8 frilled lizards
  36 kobolds
  A leopard gecko skeleton (D:5)
  A quokka skeleton (D:6)
  27 rats
  A plant (Lair:5)
498 creatures vanquished.

Vanquished Creatures (others)
  3 fungi
  20 plants
23 creatures vanquished.

Grand Total: 521 creatures vanquished

Notes
Turn   | Place    | Note
-------+----------+-------------------------------------------
     0 | D:1      | kae the Minotaur Fighter began the quest for the Orb.
     0 | D:1      | Reached XP level 1. HP: 19/19 MP: 0/0
   126 | D:1      | Reached XP level 2. HP: 27/27 MP: 1/1
   241 | D:1      | Reached skill level 3 in Long Blades
   577 | D:1      | Reached XP level 3. HP: 33/33 MP: 2/2
  1090 | D:2      | Reached XP level 4. HP: 40/40 MP: 3/3
  1109 | D:2      | Reached skill level 4 in Long Blades
  1190 | D:2      | You fall through a shaft!
  1595 | D:3      | Found a snail-covered altar of Cheibriados.
  1862 | D:3      | Reached XP level 5. HP: 34/47 MP: 4/4
  2102 | D:4      | Noticed Duvessa
  2102 | D:4      | Noticed Dowan
  2270 | D:3      | Killed Duvessa
  2270 | D:3      | Reached skill level 5 in Long Blades
  2270 | D:3      | Reached XP level 6. HP: 18/55 MP: 5/5
  2277 | D:3      | Killed Dowan
  2277 | D:3      | Reached skill level 5 in Fighting
  2277 | D:3      | Reached skill level 5 in Armour
  2277 | D:3      | Reached skill level 5 in Shields
  2744 | D:4      | Noticed Grinder
  2749 | D:4      | Reached skill level 6 in Long Blades
  2749 | D:4      | Reached XP level 7. HP: 22/61 MP: 6/6
  2749 | D:4      | Paralysed by Grinder for 3 turns
  2763 | D:4      | Paralysed by Grinder for 3 turns
  2773 | D:4      | Killed Grinder
  3006 | D:4      | Noticed Dustman's ghost (amateur HuGl)
  3049 | D:4      | Killed Dustman's ghost
  3049 | D:4      | Reached skill level 7 in Long Blades
  3371 | D:4      | Reached XP level 8. HP: 63/70 MP: 7/7
  3450 | D:4      | Found a sacrificial altar of Ru.
  3508 | D:5      | Entered Level 5 of the Dungeon
  4111 | D:5      | Found a glowing silver altar of Zin.
  4112 | D:5      | Found a burning altar of Makhleb.
  4113 | D:5      | Noticed an angel
  4115 | D:5      | Noticed a cacodemon
  4209 | D:5      | Reached skill level 8 in Long Blades
  4307 | D:5      | Found a deep blue altar of Sif Muna.
  4458 | D:6      | Found a glowing drain.
  4462 | Sewer    | Entered a sewer
  5116 | D:6      | Reached skill level 9 in Long Blades
  5167 | D:6      | Reached XP level 9. HP: 65/79 MP: 8/8
  5368 | D:6      | Found a staircase to the Ecumenical Temple.
  5401 | D:6      | Found a blossoming altar of Fedhas.
  5533 | Temple   | Entered the Ecumenical Temple
  5850 | Temple   | Became a worshipper of Warmaster Okawaru
  5989 | D:7      | Reached skill level 10 in Long Blades
  5989 | D:7      | Reached skill level 1 in Invocations
  6485 | D:7      | Reached * piety under Okawaru
  6921 | D:8      | Found a deep blue altar of Sif Muna.
  7013 | D:8      | Found a basalt altar of Yredelemnul.
  7014 | D:8      | Found an ornate altar of the Wu Jian Council.
  7176 | D:8      | Found a hide-covered altar of Uskayaw.
  7192 | D:8      | Noticed a two-headed ogre
  7196 | D:8      | Killed a two-headed ogre
  7196 | D:8      | Reached ** piety under Okawaru
  7196 | D:8      | Reached skill level 11 in Long Blades
  7196 | D:8      | Reached XP level 10. HP: 90/90 MP: 9/11
  7608 | D:8      | Found a staircase to the Lair.
  7954 | Lair:1   | Entered Level 1 of the Lair of Beasts
  7989 | D:8      | Reached *** piety under Okawaru
  8356 | Lair:1   | Noticed a black mamba
  8357 | Lair:1   | Noticed Typee's ghost (novice GnWn)
  8367 | Lair:1   | Killed a black mamba
  8816 | D:9      | Reached skill level 12 in Long Blades
  9089 | D:9      | Found an opulent altar of Gozag.
  9199 | D:9      | Noticed a two-headed ogre
  9206 | D:9      | Killed a two-headed ogre
  9216 | D:9      | Reached **** piety under Okawaru
  9468 | D:9      | Reached XP level 11. HP: 97/97 MP: 13/13
  9775 | D:10     | Entered Level 10 of the Dungeon
  9903 | D:10     | Found a staircase to the Orcish Mines.
  9958 | D:10     | Reached skill level 5 in Invocations
 10208 | D:10     | Reached ***** piety under Okawaru
 10257 | D:10     | Found a snail-covered altar of Cheibriados.
 10269 | D:10     | Reached skill level 10 in Fighting
 10301 | D:10     | Reached skill level 10 in Shields
 10612 | D:10     | Reached skill level 13 in Long Blades
 10783 | Lair:1   | Reached skill level 10 in Armour
 10797 | Lair:1   | Killed Typee's ghost
 11077 | Lair:1   | Noticed Nirn's ghost (journeyman HuGl)
 11094 | Lair:1   | Killed Nirn's ghost
 11361 | Lair:1   | Received a gift from Okawaru
 11364 | Lair:1   | Got a fine scimitar {god gift}
 11366 | Lair:1   | Identified the +9 scimitar "Couro" {vamp, rC+ Int+4} (Okawaru gifted it to you on level 1 of the Lair of Beasts)
 11783 | Lair:2   | Reached XP level 12. HP: 99/108 MP: 15/15
 11806 | Lair:2   | Reached skill level 14 in Long Blades
 11898 | Lair:2   | Noticed Prince Ribbit
 11923 | Lair:2   | Killed Prince Ribbit
 11983 | Lair:2   | Received a gift from Okawaru
 12010 | Lair:2   | Reached ****** piety under Okawaru
 12036 | Lair:2   | Noticed an eight-headed hydra
 12041 | Lair:2   | Killed an eight-headed hydra
 12067 | Lair:2   | Noticed a death yak
 12082 | Lair:2   | Killed a death yak
 12462 | Lair:3   | Noticed a death yak
 12811 | Lair:3   | Reached skill level 15 in Long Blades
 12926 | Lair:3   | Killed a death yak
 13090 | Lair:2   | Received a gift from Okawaru
 13090 | Lair:2   | Reached XP level 13. HP: 63/117 MP: 17/17
 13426 | Lair:3   | Found a staircase to the Snake Pit.
 14489 | Lair:4   | Found a staircase to the Shoals.
 15677 | Lair:5   | Reached skill level 16 in Long Blades
 16956 | Lair:5   | Gained mutation: You have supernaturally acute eyesight. (SInv) [potion of mutation]
 16956 | Lair:5   | Gained mutation: You evolve. [potion of mutation]
 16990 | Lair:6   | Entered Level 6 of the Lair of Beasts
 17339 | Lair:6   | Paralysed by a hornet for 3 turns
 17365 | Lair:6   | HP: 2/119 [15-headed hydra[a boggart] (7)]
 17365 | Lair:6   | Slain by a 15-headed hydra

Vault maps used:
D:1:      lemuel_arrival_river_passageway, minmay_strange_pillars, nrook_uturn
D:3:      kennysheep_slug_shrine
D:4:      nicolae_ru_path_of_blood, first_bread, uniq_grinder, uniq_duvessa
D:5:      grunt_temple_overflow_order_and_chaos_2,
          nicolae_overflow_hidden_temple
D:6:      kennysheep_mini, minmay_temple_entry_hall, gup_sewer_entry_bowl
D:7:      lemuel_upstairs_altar, due_unseen_surprise
D:8:      overflow_temple_1_default, minitemple, david_lair_shrubbed,
          basic_altar
D:9:      grunt_gozag_statues
D:10:     minmay_orc_entry_guard_dogs, basic_altar,
          hangedman_little_slice_of_home
Temple:   hc_temple_tempest_star
Lair:2:   hangedman_lair_generics_rect, uniq_prince_ribbit2
Lair:3:   guppyfry_snake_entry_island, beast_lair_carwin_4
Lair:4:   elwin_shoals_entry_rocks, enter_volcano_4, kilobyte_rumbling_trees
Lair:5:   minmay_lair_drake_nest, infiniplex_staircase_pool,
          minmay_lair_oklob_chamber
Lair:6:   minmay_lair_end_enchanted_forest, slime_altar_1
Sewer:    sewer_minmay_treatment

Skill      XL: |  1  2  3  4  5  6  7  8  9 10 11 12 13 |
---------------+----------------------------------------+-----
Long Blades    | 3 4 5 6 7 9 11 12 13 15 16 | 16.4
Fighting       | 4 5 6 7 8 9 10 11 12 | 12.5
Armour         | 4 5 6 7 8 9 10 11 12 | 12.4
Shields        | 4 5 6 7 8 9 10 11 12 | 12.5
Invocations    | 2 4 6 7 8 |  8.6

Action                   |  1- 3 |  4- 6 |  7- 9 | 10-12 | 13-15 || total
-------------------------+-------+-------+-------+-------+-------++-------
Melee: Long sword        |   100 |   134 |   142 |       |       ||   376
       Headbutt          |    15 |    23 |    71 |   140 |    85 ||   334
       Falchion          |       |       |   295 |   428 |       ||   723
       Scimitar          |       |       |       |   213 |   394 ||   607
Invok: Heroism           |       |       |       |    10 |     3 ||    13
Evoke: Wand              |       |       |       |     8 |     8 ||    16
  Use: Scroll            |       |     5 |    13 |     1 |     8 ||    27
       Potion            |       |     1 |     4 |       |     1 ||     6
  Eat: Chunk             |       |     6 |    16 |    18 |    10 ||    50
       Bread ration      |       |       |       |     1 |     1 ||     2
       Fruit             |       |       |       |     1 |       ||     1
Armor: Scale mail        |    33 |    49 |   138 |   178 |   113 ||   511
Dodge: Dodged            |    39 |    34 |    98 |   188 |    91 ||   450
       Deflected         |       |       |       |       |     3 ||     3
Block: Shield            |    40 |    73 |   204 |   352 |   212 ||   881
       Rpst.: Long sword |    18 |    10 |    10 |       |       ||    38
       Falchion          |       |       |    26 |    31 |       ||    57
       Scimitar          |       |       |       |    24 |    17 ||    41

Table legend:
 A = Spawn XP
 B = Non-spawn XP
 C = Spawn XP percentage of total XP
 D = Spawn monster count
 E = Non-spawn monster count
 F = Spawn count percentage of total count
 G = Total turns spent on level
                    A         B        C        D         E        F      G
               +---------+---------+-------+---------+---------+-------+---------
         Total |       0 |   59182 |   0.0 |       0 |     497 |   0.0 | 17365
               +---------+---------+-------+---------+---------+-------+---------
           D:1 |       0 |      51 |   0.0 |       0 |      27 |   0.0 |   926
           D:2 |       0 |      80 |   0.0 |       0 |      19 |   0.0 |   264
           D:3 |       0 |     331 |   0.0 |       0 |      26 |   0.0 |  1313
           D:4 |       0 |    1020 |   0.0 |       0 |      23 |   0.0 |  1005
           D:5 |       0 |     365 |   0.0 |       0 |      27 |   0.0 |   877
           D:6 |       0 |    1394 |   0.0 |       0 |      31 |   0.0 |   605
           D:7 |       0 |    1152 |   0.0 |       0 |      20 |   0.0 |   929
           D:8 |       0 |    3674 |   0.0 |       0 |      32 |   0.0 |  2012
           D:9 |       0 |    2116 |   0.0 |       0 |      32 |   0.0 |  1085
          D:10 |       0 |    4346 |   0.0 |       0 |      42 |   0.0 |   969
        Lair:1 |       0 |    6894 |   0.0 |       0 |      22 |   0.0 |   900
        Lair:2 |       0 |   15457 |   0.0 |       0 |      54 |   0.0 |  1525
        Lair:3 |       0 |    5977 |   0.0 |       0 |      25 |   0.0 |  1076
        Lair:4 |       0 |    5695 |   0.0 |       0 |      29 |   0.0 |   943
        Lair:5 |       0 |    5145 |   0.0 |       0 |      18 |   0.0 |  1677
        Lair:6 |       0 |    5342 |   0.0 |       0 |      22 |   0.0 |   375
         Sewer |       0 |     143 |   0.0 |       0 |      48 |   0.0 |   554
               +---------+---------+-------+---------+---------+-------+---------
